 Dungeon Crawl Stone Soup version 0.31-a0-216-g22e908daa7 (webtiles) character file.

Game seed: 16296929247808833318

1030 qw the Chopper (level 8, 0/49 HPs)
             Began as a Gargoyle Fighter on July 2, 2023.
             Was an Initiate of Okawaru.
             Slain by an ogre
             ... wielding a +0 giant club
              (25 damage)
             ... on level 6 of the Dungeon.
             The game lasted 00:02:44 (5015 turns).

qw the Chopper (Gargoyle Fighter)                   Turns: 5015, Time: 00:02:44

Health: 0/49       AC: 18    Str: 29    XL:     8   Next: 23%
Magic:  8/8        EV:  9    Int: 10    God:    Okawaru [......]
Gold:   317        SH:  4    Dex:  9    Spells: 7/7 levels left

rFire   . . .        Y - +0 war axe (heavy)
rCold   x . .        c - +0 buckler
rNeg    + . .        k - +0 chain mail
rPois   inf          (no helmet)
rElec   +            (no cloak)
rCorr   .            (no gloves)
SInv    .            (no boots)
Will    +....        (no amulet) Stlth
                     q - ring of willpower
HPRegen 0.28/turn    u - ring of Nijai {+Blink rPois rC- AC+4 Str+8}
MPRegen 0.11/turn

%: no passive effects
@: about to teleport
A: sickness immunity, AC +5, negative energy resistance 1, electricity
resistance, torment resistance 1, petrification resistance
a: Renounce Religion, Evoke Blink


You were on level 6 of the Dungeon.
You worshipped Okawaru.
Okawaru was noncommittal.
You visited 2 branches of the dungeon, and saw 7 of its levels.
You also visited: Sewer.

You collected 317 gold pieces.


Innate Abilities, Weirdness & Mutations

You are immune to sickness and miasma.
Your stone body is resilient. (AC +5)
You are immune to poison.
You resist negative energy. (rN+)
You are resistant to electric shocks. (rElec)
You are resistant to unholy torment.
You are immune to petrification.


   Skills:
 - Level 5.3 Fighting
 + Level 7.5 Axes
 - Level 1.8 Throwing
 - Level 3.2 Armour
 - Level 1.1 Dodging
 - Level 3.2 Shields


You had 7 spell levels left.
You didn't know any spells.
Your spell library was empty.

Inventory:

Hand Weapons
 r - a +0 heavy flail
 Y - a +0 heavy war axe (weapon)
Missiles
 s - 2 boomerangs (quivered)
Armour
 b - a +0 helmet
 c - a +0 buckler (worn)
 e - the scarf "Maamon" {shadows, Drain Str+4 Slay+3}
   (You found it on level 3 of the Dungeon)

   Str:       It affects your strength (+4).
   Slay:      It affects your accuracy & damage with ranged weapons and melee
   (+3).
   Drain:     It drains your maximum health when unequipped.
 j - a +1 cloak
 k - a +0 chain mail (worn)
Jewellery
 n - an amulet of guardian spirit
 q - a ring of willpower (left hand)
 u - the ring of Nijai (right hand) {+Blink rPois rC- AC+4 Str+8}
   (You found it on level 5 of the Dungeon)

   [ring of protection]

   AC:        It affects your AC (+4).
   Str:       It affects your strength (+8).
   rC:        It makes you vulnerable to cold.
   rPois:     It protects you from poison.
   +Blink:    It lets you blink.
Scrolls
 h - 3 scrolls of identify
 l - a scroll of enchant armour
Potions
 d - a potion of might
 f - 2 potions of curing
 g - 2 potions of lignification
 i - 2 potions of mutation
 m - a potion of heal wounds
 p - a potion of attraction

Dungeon Overview and Level Annotations

Branches:
Dungeon (6/15)             Temple (1/1) D:5           Sewer (visited)

Altars:
Ashenzari
Cheibriados
Dithmenos
Elyvilon
Fedhas
Gozag
Hepliaklqana
Makhleb
Nemelex Xobeh
Okawaru
Qazlal
Sif Muna
Trog
Vehumet
Wu Jian
Yredelemnul
Zin
The Shining One

Annotations:
D:3 2 transporters


Message History

The gnoll hits you from afar with a +0 halberd.
You closely miss the gnoll.
The gnoll is lightly wounded.
You hit the gnoll. The gnoll closely misses you.
The gnoll hits you but does no damage. The gnoll barely misses you.
You block the gnoll's attack. The gnoll hits you with a +0 flail.
An iguana comes into view.
The gnoll misses you.
You barely miss the gnoll.
The gnoll is lightly wounded.
You barely miss the gnoll. The gnoll hits you but does no damage.
The gnoll hits you with a +0 flail. The gnoll barely misses you.
The iguana hisses menacingly.
The gnoll hits you with a +0 club.
The gnoll hits you but does no damage. x2
You barely miss the gnoll.
The gnoll is lightly wounded.
You barely miss the ogre. You closely miss the gnoll.
The ogre hits you with a +0 giant club. You block the gnoll's attack.
The gnoll hits you with a +0 flail.
The gnoll hits you but does no damage. x2
The gnoll hits you with a +0 flail.
The gnoll hits you from afar with a +0 halberd.
You barely miss the gnoll.
The gnoll is lightly wounded.
You slash the gnoll! You hit the ogre. The ogre hits you with a +0 giant club!
The gnoll hits you with a +0 club. The gnoll barely misses you.
The gnoll hits you from afar with a +0 halberd.
5014 ||| READING scroll of teleportation.
As you read the scroll of teleportation, it crumbles to dust.
You feel strangely unstable. The ogre hits you but does no damage.
The gnoll hits you with a +0 club. The gnoll barely misses you. x2
5015 ||| DRINKING 2 potions of heal wounds.
You feel much better.
The gnoll hits you but does no damage. x2; The gnoll barely misses you.
The ogre hits you with a +0 giant club!!
Ouch! That really hurt!
You die...

..... ...# ...# #...
##.. #.l# #...# #.##
#og# # ....#....# #Og#.#
.... #..# #g@#.###.# ..#
#..# #..)...... .###..#
##$#.###.# .#8##..#
#.#.# #.#.##..#
#.#.####.
###.###.#..#####........
...## ##.........#.####.
.##.###.#.######.#.####
.....#.##.# #........$.


You could see an ogre, an iguana, 3 gnolls and an orc.

Vanquished Creatures
  Edmund (D:5)
  2 ice beasts (D:5)
  An ogre (D:4)
  A scorpion (D:5)
  2 howler monkeys
  2 hounds
  An orc priest (D:4)
  A jelly (D:4)
  A sleepcap (D:5)
  2 iguanas
  Robin (D:3)
  7 gnolls
  3 adders
  6 river rats
  An ufetubus (D:5)
  2 worms
  A dart slug (D:4)
  19 orcs
  12 ball pythons
  11 bats
  4 endoplasms
  4 giant cockroaches
  18 goblins
  6 hobgoblins
  8 jackals
  6 kobolds
  A quokka (D:4)
  11 frilled lizards
  19 rats
154 creatures vanquished.

Notes
Turn   | Place    | Note
-------+----------+-------------------------------------------
     0 | D:1      | qw the Gargoyle Fighter began the quest for the Orb.
     0 | D:1      | Reached XP level 1. HP: 14/14 MP: 1/1
     0 | D:1      | 0 ||| qw: Version: 0.3-a-39-g4513739
     0 | D:1      | 0 ||| qw: Game counter: 7909
     0 | D:1      | 0 ||| qw: Melee chars always use a shield: true
     0 | D:1      | 0 ||| qw: God list: Okawaru
     0 | D:1      | 0 ||| qw: Allow faded altars: false
     0 | D:1      | 0 ||| qw: Do Orc after clearing Dungeon:15 true
     0 | D:1      | 0 ||| qw: Do second Lair branch before Depths: true
     0 | D:1      | 0 ||| qw: Lair rune preference: random
     0 | D:1      | 0 ||| qw: Goals: Normal, Zot:1-4, Slime:5, God:TSO, Crypt,
                  | Tomb, Abyss, Pan, Hells, Win
     0 | D:1      | 0 ||| PLANNING D:1-11
    37 | D:1      | Reached skill level 2 in Axes
    63 | D:1      | Reached XP level 2. HP: 18/19 MP: 2/2
   212 | D:1      | Found a faded altar of an unknown god.
   325 | D:1      | Reached skill level 3 in Axes
   484 | D:1      | Reached XP level 3. HP: 23/23 MP: 3/3
   753 | D:1      | 753 ||| READING scroll labelled JAUXUC KOGGAR.
   754 | D:1      | 754 ||| READING scroll labelled JEQIBE DIATZ.
   755 | D:1      | 755 ||| READING scroll labelled CUHO FAAFE.
   818 | D:2      | 818 ||| DROPPING +0 whip.
   927 | D:2      | 927 ||| Stepping ~*~*~tactically~*~*~ (stealth).
   928 | D:2      | 928 ||| Stepping ~*~*~tactically~*~*~ (stealth).
   939 | D:2      | 939 ||| Stepping ~*~*~tactically~*~*~ (hiding).
   942 | D:2      | 942 ||| Stepping ~*~*~tactically~*~*~ (hiding).
   983 | D:2      | 983 ||| Stepping ~*~*~tactically~*~*~ (stealth).
   987 | D:2      | 987 ||| Stepping ~*~*~tactically~*~*~ (stealth).
  1002 | D:2      | 1002 ||| Stepping ~*~*~tactically~*~*~ (stealth).
  1068 | D:2      | 1068 ||| Stepping ~*~*~tactically~*~*~ (stealth).
  1078 | D:2      | 1078 ||| Stepping ~*~*~tactically~*~*~ (stealth).
  1081 | D:2      | 1081 ||| Stepping ~*~*~tactically~*~*~ (stealth).
  1220 | D:2      | 1220 ||| Stepping ~*~*~tactically~*~*~ (stealth).
  1224 | D:2      | 1224 ||| Stepping ~*~*~tactically~*~*~ (stealth).
  1354 | D:2      | 1354 ||| READING scroll labelled PAUNA SAJUDDUE.
  1355 | D:2      | 1355 ||| READING scroll labelled POUXIO MYLUXI.
  1356 | D:2      | 1356 ||| READING scroll labelled HIJOZOF GOMOET.
  1360 | D:2      | 1360 ||| DRINKING 2 blue potions.
  1361 | D:2      | 1361 ||| DRINKING 2 orange potions.
  1362 | D:2      | 1362 ||| DROPPING potion of brilliance.
  1413 | D:3      | Found a transporter.
  1432 | D:3      | Reached XP level 4. HP: 28/28 MP: 4/4
  1437 | D:3      | 1437 ||| FLEEEEING.
  1438 | D:3      | 1438 ||| FLEEEEING.
  1439 | D:3      | 1439 ||| FLEEEEING.
  1440 | D:3      | 1440 ||| FLEEEEING.
  1441 | D:3      | 1441 ||| FLEEEEING.
  1442 | D:3      | 1442 ||| FLEEEEING.
  1443 | D:3      | 1443 ||| FLEEEEING.
  1444 | D:3      | 1444 ||| FLEEEEING.
  1517 | D:3      | Reached skill level 4 in Axes
  1528 | D:3      | HP: 3/28 [gnoll/+0 spear (7)]
  1529 | D:3      | 1529 ||| DRINKING potion of heal wounds.
  1574 | D:3      | Found a stormy altar of Qazlal.
  1586 | D:3      | Found a glowing golden altar of the Shining One.
  1637 | D:3      | Identified the scarf "Maamon" {shadows, Drain Str+4 Slay+3}
  1665 | D:3      | Found a transporter.
  1668 | D:3      | 1668 ||| UPGRADING to +0 chain mail.
  1678 | D:3      | 1678 ||| DROPPING +0 scale mail.
  1679 | D:3      | 1679 ||| READING scroll labelled GEIQAO VYAT.
  1680 | D:3      | 1680 ||| READING 3 scrolls of identify.
  1680 | D:3      | 1680 ||| IDENTIFYING red potion
  1681 | D:3      | 1681 ||| READING 2 scrolls of identify.
  1681 | D:3      | 1681 ||| IDENTIFYING bubbling coppery potion
  1682 | D:3      | Noticed Robin
  1683 | D:3      | 1683 ||| Stepping ~*~*~tactically~*~*~ (hiding).
  1694 | D:3      | Reached XP level 5. HP: 24/32 MP: 5/5
  1704 | D:3      | Killed Robin
  2452 | D:3      | 2452 ||| READING 2 scrolls labelled OFASOTYB JIOW.
  2453 | D:3      | 2453 ||| Stepping ~*~*~tactically~*~*~ (stealth).
  2454 | D:3      | 2454 ||| DRINKING 2 glowing blue potions.
  2455 | D:3      | 2455 ||| Stepping ~*~*~tactically~*~*~ (stealth).
  2456 | D:3      | 2456 ||| Stepping ~*~*~tactically~*~*~ (stealth).
  2457 | D:3      | 2457 ||| DROPPING potion of degeneration.
  2511 | D:4      | 2511 ||| PLANNING SEWER
  2532 | D:4      | Noticed an ogre
  2535 | D:4      | Killed an ogre
  2536 | D:4      | Reached skill level 5 in Axes
  2536 | D:4      | Reached XP level 6. HP: 12/37 MP: 6/6
  2929 | D:4      | Found a glowing silver altar of Zin.
  2945 | D:4      | 2945 ||| Stepping ~*~*~tactically~*~*~ (stealth).
  2954 | D:4      | Reached skill level 6 in Axes
  3023 | D:4      | Found a glowing drain.
  3024 | D:4      | 3024 ||| READING 2 scrolls of identify.
  3024 | D:4      | 3024 ||| IDENTIFYING glowing purple potion
  3032 | Sewer    | Entered a sewer
  3045 | Sewer    | 3045 ||| Stepping ~*~*~tactically~*~*~ (water).
  3048 | Sewer    | 3048 ||| Stepping ~*~*~tactically~*~*~ (water).
  3084 | Sewer    | 3084 ||| Stepping ~*~*~tactically~*~*~ (water).
  3134 | Sewer    | 3134 ||| Stepping ~*~*~tactically~*~*~ (water).
  3159 | Sewer    | 3159 ||| Stepping ~*~*~tactically~*~*~ (stealth).
  3165 | Sewer    | Reached XP level 7. HP: 43/43 MP: 7/7
  3174 | Sewer    | 3174 ||| Stepping ~*~*~tactically~*~*~ (stealth).
  3178 | Sewer    | 3178 ||| FLEEEEING.
  3179 | Sewer    | 3179 ||| FLEEEEING.
  3245 | Sewer    | 3245 ||| UPGRADING to ring of willpower.
  3251 | Sewer    | 3251 ||| READING scroll labelled WEEWONLIFY.
  3316 | D:4      | 3316 ||| PLANNING D:1-11
  3478 | D:4      | 3478 ||| Stepping ~*~*~tactically~*~*~ (hiding).
  3479 | D:4      | 3479 ||| Stepping ~*~*~tactically~*~*~ (stealth).
  3480 | D:4      | 3480 ||| Stepping ~*~*~tactically~*~*~ (hiding).
  3481 | D:4      | 3481 ||| Stepping ~*~*~tactically~*~*~ (hiding).
  3568 | D:4      | 3568 ||| READING 2 scrolls of identify.
  3568 | D:4      | 3568 ||| IDENTIFYING metallic cyan potion
  3579 | D:5      | Entered Level 5 of the Dungeon
  3608 | D:5      | Found a broken altar of Ashenzari.
  3675 | D:5      | Noticed Edmund
  3682 | D:5      | Killed Edmund
  3732 | D:5      | 3732 ||| DROPPING +3 flail.
  3852 | D:5      | Found a staircase to the Ecumenical Temple.
  3853 | D:5      | 3853 ||| PLANNING TEMPLE
  3861 | Temple   | Entered the Ecumenical Temple
  3915 | Temple   | 3915 ||| PLANNING OKAWARU WORSHIP
  3985 | Temple   | Became a worshipper of Warmaster Okawaru
  3986 | Temple   | 3986 ||| PLANNING D:1-11
  4058 | D:5      | Reached skill level 7 in Axes
  4093 | D:5      | 4093 ||| Stepping ~*~*~tactically~*~*~ (water).
  4096 | D:5      | Reached skill level 1 in Dodging
  4187 | D:5      | Reached XP level 8. HP: 49/49 MP: 8/8
  4261 | D:5      | Reached * piety under Okawaru
  4262 | D:5      | Reached skill level 1 in Throwing
  4262 | D:5      | 4262 ||| INVOKING Heroism.
  4466 | D:5      | Identified the ring of Nijai {+Blink rPois rC- AC+4 Str+8}
  4940 | D:5      | 4940 ||| UPGRADING to ring of Nijai {+Blink rPois rC- AC+4
                  | Str+8}.
  4941 | D:5      | 4941 ||| READING scroll labelled HOSIREX KEIRUUJOWO.
  4942 | D:5      | 4942 ||| READING scroll labelled JAWKEN HOMUSK.
  4943 | D:5      | 4943 ||| READING scroll labelled OLYNWIPRASK.
  4962 | D:6      | 4962 ||| PLANNING OSSUARY
  5013 | D:6      | HP: 12/49 [gnoll/+0 club (2)]
  5014 | D:6      | 5014 ||| READING scroll of teleportation.
  5014 | D:6      | HP: 5/49 [gnoll/+0 club (3)]
  5015 | D:6      | 5015 ||| DRINKING 2 potions of heal wounds.
  5015 | D:6      | Slain by an ogre

Levels and vault maps discovered:
D:1:      minmay_arrival_jagged, layout_basic, basic_ecumenical_altar,
          grunt_decor_one_mirror
D:2:      layout_rooms, minmay_misc_feat_secret_circle, hex_tiny,
          minmay_misc_feat_tiny
D:3:      gammafunk_steamed_eel, layout_loops_corners,
          amethyst_overflow_temple_binary, uniq_robin
D:4:      layout_loops_cross, mainiacjoe_overflow_boulevard,
          portal_sewer_entry_a, dreamdust_wishing_well, hex_large
D:5:      layout_basic, mainiacjoe_overflow_tiny_flanked,
          minmay_temple_entry_ruins, serial_bayou, serial_bayou_lake_a,
          serial_bayou_lagoon_a, serial_bayou_pond_a, serial_bayou_ford_a,
          uniq_edmund
D:6:      layout_loops_ring, tgw_xom, nicolae_ru_the_path_less_chosen,
          lightli_ossuary_entry_decrepit_ruins
Temple:   nicolae_temple_two_arcs

Skill      XL: |  1  2  3  4  5  6  7  8 |
---------------+-------------------------+-----
Axes           | 2 3 4 5 6 7 |  7.5
Fighting       | 4 5 |  5.3
Dodging        | 1 |  1.1
Throwing       | 1 |  1.8
Armour         | |  3.2
Shields        | |  3.2

Action                     |  1- 3 |  4- 6 |  7- 9 || total
---------------------------+-------+-------+-------++-------
  Melee: War axe           |   153 |   164 |    69 ||   386
  Throw: Boomerang         |       |    21 |     7 ||    28
 Invoke: Heroism           |       |       |     1 ||     1
    Use: Scroll            |     6 |     5 |     6 ||    17
         Potion            |     2 |     2 |     1 ||     5
 Armour: Scale mail        |    91 |    21 |       ||   112
         Chain mail        |       |   101 |    52 ||   153
  Dodge: Dodged            |    86 |    90 |    34 ||   210
  Block: Buckler           |    32 |    29 |    13 ||    74

Table legend:
 A = Non-vault XP
 B = Vault XP
 C = Vault XP percentage of total XP
 D = Non-vault monster count
 E = Vault monster count
 F = Vault count percentage of total count
                 A         B        C        D         E       F
            +---------+---------+-------+---------+---------+-------
      Total |    1175 |     297 |  20.2 |     112 |      42 |  27.3
            +---------+---------+-------+---------+---------+-------
        D:1 |      36 |       0 |   0.0 |      20 |       0 |   0.0
        D:2 |      45 |       0 |   0.0 |      27 |       0 |   0.0
        D:3 |      89 |      37 |  29.4 |      22 |      12 |  35.3
        D:4 |     336 |      18 |   5.1 |      24 |       6 |  20.0
        D:5 |     620 |     147 |  19.2 |      16 |       1 |   5.9
        D:6 |      49 |       0 |   0.0 |       3 |       0 |   0.0
      Sewer |       0 |      95 | 100.0 |       0 |      23 | 100.0
            +---------+---------+-------+---------+---------+-------
